ITL
RICHMOND FLAIRS @ ALLENTOWN HILLBILLIES
07/29/2028
 
TOP OF THE 1ST
Richmond Flairs batting - Pitching for Allentown Hillbillies : RHP Claudio Segura
Pitching: RHP Claudio Segura
Batting: LHB R.J. Courtney 0-0: Ball
1-0: Called Strike
1-1: Ball
2-1: Called Strike
2-2: SINGLE (Groundball, 34D)
Batting: RHB Miguel Hernández 0-0: Called Strike
0-1: Swinging Strike
0-2: Strikes out looking
Batting: LHB Luis Villa 0-0: Called Strike
0-1: TRIPLE (Flyball, 8LXD)
R.J. Courtney scores
Batting: LHB Roland Jones 0-0: Ball
1-0: Ball
2-0: Ball
3-0: Base on Balls
Batting: RHB Elliott Johnston 0-0: Called Strike
0-1: Ball
1-1: Called Strike
1-2: SINGLE (Line Drive, 8RS)
Luis Villa scores
Roland Jones to second
Roland Jones to third
Batting: RHB Mario López 0-0: Called Strike
0-1: Swinging Strike
0-2: SINGLE (Groundball, 56D)
Roland Jones scores
Elliott Johnston to second
Batting: LHB Pedro Díaz 0-0: Ball
1-0: 3-RUN HOME RUN (Flyball, 7LD), Distance : 376 ft
Batting: RHB Rafael Carreón 0-0: Fly out, F5 (Popup, 5)
Batting: RHB Freddy Padilla 0-0: Foul Ball, location: 2F
0-1: Ball
1-1: Ground out 6-3 (Groundball, 6)
Top of the 1st over - 6 run(s), 5 hit(s), 0 error(s), 0 left on base; Richmond 6 - Allentown 0
BOTTOM OF THE 1ST
Allentown Hillbillies batting - Pitching for Richmond Flairs : RHP Jack Walker
Pitching: RHP Jack Walker
Batting: LHB António Salazar 0-0: Ball
1-0: Ball
2-0: Foul Ball, location: 2F
2-1: Foul Ball, location: 2F
2-2: Foul Ball, location: 2F
2-2: Foul Ball, location: 2F
2-2: Ground out U3 (Groundball, 34)
Batting: RHB Albert Lutz 0-0: Called Strike
0-1: Called Strike
0-2: Foul Ball, location: 2F
0-2: Foul Ball, location: 2F
0-2: SINGLE (Flyball, 9LM)
Batting: RHB Germano Labrego 0-0: Called Strike
0-1: Called Strike
0-2: Foul Ball, location: 2F
0-2: Ball
1-2: Ball
2-2: Ball
3-2: Grounds into double play, 6-4-3 (Groundball, 6)
Bottom of the 1st over - 0 run(s), 1 hit(s), 0 error(s), 0 left on base; Richmond 6 - Allentown 0
TOP OF THE 2ND
Richmond Flairs batting - Pitching for Allentown Hillbillies : RHP Claudio Segura
Batting: LHB R.J. Courtney 0-0: Ball
1-0: Called Strike
1-1: Ball
2-1: Swinging Strike
2-2: Ball
3-2: Foul Ball, location: 2F
3-2: Strikes out looking
Batting: RHB Miguel Hernández 0-0: Foul Ball, location: 2F
0-1: Foul Ball, location: 2F
0-2: Foul Ball, location: 2F
0-2: Ball
1-2: Ball
2-2: Fly out, F9 (Flyball, 9)
Batting: LHB Luis Villa 0-0: Ball
1-0: Foul Ball, location: 2F
1-1: Ball
2-1: Ball
3-1: Called Strike
3-2: DOUBLE (Line Drive, 9D)
Batting: LHB Roland Jones 0-0: Ball
1-0: Swinging Strike
1-1: Called Strike
1-2: Foul Ball, location: 2F
1-2: Strikes out swinging
Top of the 2nd over - 0 run(s), 1 hit(s), 0 error(s), 1 left on base; Richmond 6 - Allentown 0
BOTTOM OF THE 2ND
Allentown Hillbillies batting - Pitching for Richmond Flairs : RHP Jack Walker
Batting: LHB John Hudson 0-0: Ball
1-0: Ball
2-0: Ball
3-0: Foul Ball, location: 2F
3-1: Base on Balls
Batting: RHB Carl Brown 0-0: Ball
1-0: Ball
2-0: Ball
3-0: Base on Balls
John Hudson to second
Batting: LHB Marcos Vargas 0-0: Ball
1-0: Ball
2-0: Ball
3-0: Called Strike
3-1: Base on Balls
John Hudson to third
Carl Brown to second
Batting: RHB Millard Stark 0-0: Ball
1-0: Foul Ball, location: 2F
1-1: Ball
2-1: Ball
3-1: Swinging Strike
3-2: Fly out, F7 (Flyball, 78S)
Batting: RHB Dan Banks 0-0: Ball
1-0: Ball
2-0: Foul Ball, location: 2F
2-1: Called Strike
2-2: Grounds into double play, 4-6-3 (Groundball, 4)
Bottom of the 2nd over - 0 run(s), 0 hit(s), 0 error(s), 2 left on base; Richmond 6 - Allentown 0
TOP OF THE 3RD
Richmond Flairs batting - Pitching for Allentown Hillbillies : RHP Claudio Segura
Pitching: LHP Nick Merrit
Batting: RHB Elliott Johnston 0-0: Called Strike
0-1: Called Strike
0-2: Fly out, F9 (Flyball, 89S)
Batting: RHB Mario López 0-0: Ball
1-0: Foul Ball, location: 2F
1-1: Fly out, F8 (Flyball, 8RS)
Batting: LHB Pedro Díaz 0-0: Foul Ball, location: 2F
0-1: Ball
1-1: Foul Ball, location: 2F
1-2: Ball
2-2: Foul Ball, location: 2F
2-2: Foul Ball, location: 2F
2-2: Ground out 4-3 (Groundball, 4)
Top of the 3rd over - 0 run(s), 0 hit(s), 0 error(s), 0 left on base; Richmond 6 - Allentown 0
BOTTOM OF THE 3RD
Allentown Hillbillies batting - Pitching for Richmond Flairs : RHP Jack Walker
Batting: RHB Von Ford 0-0: Ball
1-0: Ball
2-0: Called Strike
2-1: Foul Ball, location: 2F
2-2: Strikes out swinging
Batting: LHB António Salazar 0-0: Ball
1-0: Fly out, F3 (Line Drive, 34)
Batting: RHB Albert Lutz 0-0: Foul Ball, location: 2F
0-1: Ball
1-1: Fly out, F9 (Flyball, 89M)
Bottom of the 3rd over - 0 run(s), 0 hit(s), 0 error(s), 0 left on base; Richmond 6 - Allentown 0
TOP OF THE 4TH
Richmond Flairs batting - Pitching for Allentown Hillbillies : LHP Nick Merrit
Batting: RHB Rafael Carreón 0-0: Called Strike
0-1: Foul Ball, location: 2F
0-2: Foul Ball, location: 2F
0-2: Foul Ball, location: 2F
0-2: Foul Ball, location: 2F
0-2: Strikes out swinging
Batting: RHB Freddy Padilla 0-0: SINGLE (Line Drive, 4M)
Batting: LHB R.J. Courtney 0-0: Foul Ball, location: 2F
0-1: Ground out 4-3 (Groundball, 34)
Freddy Padilla to second
Batting: RHB Miguel Hernández 0-0: Ball
1-0: Ball
2-0: Ball
3-0: Base on Balls
Batting: LHB Luis Villa 0-0: Called Strike
0-1: Ball
1-1: DOUBLE (Flyball, 89D)
Freddy Padilla scores
Miguel Hernández to third
Batting: LHB Roland Jones 0-0: Fly out, F8 (Flyball, 78M)
Top of the 4th over - 1 run(s), 2 hit(s), 0 error(s), 2 left on base; Richmond 7 - Allentown 0
BOTTOM OF THE 4TH
Allentown Hillbillies batting - Pitching for Richmond Flairs : RHP Jack Walker
Batting: RHB Germano Labrego 0-0: Foul Ball, location: 2F
0-1: Ball
1-1: DOUBLE (Line Drive, 7LM)
Batting: LHB John Hudson 0-0: Ball
1-0: Foul Ball, location: 2F
1-1: Fly out, F9 (Flyball, 9S)
Batting: RHB Carl Brown 0-0: Swinging Strike
0-1: Ball
1-1: Foul Ball, location: 2F
1-2: Ball
2-2: Foul Ball, location: 2F
2-2: Foul Ball, location: 2F
2-2: SINGLE (Groundball, 34D)
Germano Labrego to third
Batting: LHB Marcos Vargas 0-0: Called Strike
0-1: Ball
1-1: Ball
2-1: Foul Ball, location: 2F
2-2: Ball
3-2: Base on Balls
Carl Brown to second
Batting: RHB Millard Stark 0-0: Fly out, F9 (Flyball, 9)
Runner from 3rd tags up, OUT at HOME
Bottom of the 4th over - 0 run(s), 2 hit(s), 0 error(s), 2 left on base; Richmond 7 - Allentown 0
TOP OF THE 5TH
Richmond Flairs batting - Pitching for Allentown Hillbillies : LHP Nick Merrit
Batting: RHB Elliott Johnston 0-0: Ball
1-0: Fly out, F7 (Line Drive, 7S)
Batting: RHB Mario López 0-0: Ball
1-0: Ball
2-0: Ground out 5-3 (Groundball, 56)
Batting: LHB Pedro Díaz 0-0: Ball
1-0: Ball
2-0: Ball
3-0: Called Strike
3-1: Called Strike
3-2: Ground out U3 (Groundball, 34)
Top of the 5th over - 0 run(s), 0 hit(s), 0 error(s), 0 left on base; Richmond 7 - Allentown 0
BOTTOM OF THE 5TH
Allentown Hillbillies batting - Pitching for Richmond Flairs : RHP Jack Walker
Batting: RHB Dan Banks 0-0: SOLO HOME RUN (Line Drive, 7D), Distance : 360 ft
Batting: RHB Von Ford 0-0: Called Strike
0-1: Ground out U3 (Groundball, 3L)
Batting: LHB António Salazar 0-0: Called Strike
0-1: Ball
1-1: Foul Ball, location: 2F
1-2: SINGLE (Line Drive, 89S)
Batting: RHB Albert Lutz 0-0: Foul Ball, location: 2F
0-1: Fly out, F6 (Popup, 6)
Batting: RHB Germano Labrego 0-0: Called Strike
Pickoff Throw to First - Out!
Bottom of the 5th over - 1 run(s), 2 hit(s), 0 error(s), 0 left on base; Richmond 7 - Allentown 1
TOP OF THE 6TH
Richmond Flairs batting - Pitching for Allentown Hillbillies : LHP Nick Merrit
Batting: RHB Rafael Carreón 0-0: Called Strike
0-1: Ball
1-1: Ball
2-1: Foul Ball, location: 2F
2-2: Foul Ball, location: 2F
2-2: Foul Ball, location: 2F
2-2: TRIPLE (Flyball, 8RXD)
Pitching: RHP Jorge Ruíz
Batting: RHB Freddy Padilla 0-0: Ball
1-0: Called Strike
1-1: Foul Ball, location: 2F
1-2: Strikes out swinging
Batting: LHB R.J. Courtney 0-0: Called Strike
0-1: Ball
1-1: Foul Ball, location: 2F
1-2: Ball
2-2: Ball
3-2: Base on Balls
Batting: RHB Miguel Hernández 0-0: Called Strike
0-1: Grounds into double play, 4-6-3 (Groundball, 4)
Top of the 6th over - 0 run(s), 1 hit(s), 0 error(s), 1 left on base; Richmond 7 - Allentown 1
BOTTOM OF THE 6TH
Allentown Hillbillies batting - Pitching for Richmond Flairs : RHP Jack Walker
Batting: RHB Germano Labrego 0-0: Foul Ball, location: 2F
0-1: Ball
1-1: Ball
2-1: DOUBLE (Line Drive, 9D)
Batting: LHB John Hudson 0-0: Ball
1-0: Swinging Strike
1-1: Fly out, F7 (Flyball, 78M)
Batting: RHB Carl Brown 0-0: Called Strike
0-1: Ball
1-1: Ground out 4-3 (Groundball, 4S)
Germano Labrego to third
Batting: LHB Marcos Vargas 0-0: Ball
1-0: Ball
2-0: Ball
3-0: Called Strike
3-1: Foul Ball, location: 2F
3-2: Foul Ball, location: 2F
3-2: Ground out 4-3 (Groundball, 34)
Bottom of the 6th over - 0 run(s), 1 hit(s), 0 error(s), 1 left on base; Richmond 7 - Allentown 1
TOP OF THE 7TH
Richmond Flairs batting - Pitching for Allentown Hillbillies : RHP Jorge Ruíz
Batting: LHB Luis Villa 0-0: Called Strike
0-1: Ground out 4-3 (Groundball, 34)
Batting: LHB Roland Jones 0-0: Called Strike
0-1: Swinging Strike
0-2: Strikes out looking
Batting: RHB Elliott Johnston 0-0: DOUBLE (Line Drive, 89S)
Batting: RHB Mario López 0-0: Ball
Passed Ball!
Elliott Johnston to third
1-0: Called Strike
1-1: Ball
2-1: Ground out 4-3 (Groundball, 4)
Top of the 7th over - 0 run(s), 1 hit(s), 0 error(s), 1 left on base; Richmond 7 - Allentown 1
BOTTOM OF THE 7TH
Allentown Hillbillies batting - Pitching for Richmond Flairs : RHP Jack Walker
Pitching: RHP Sandro Gonzáles
Batting: RHB Millard Stark 0-0: Ball
1-0: Swinging Strike
1-1: Swinging Strike
1-2: Foul Ball, location: 2F
1-2: SINGLE (Flyball, 78M)
Batting: RHB Dan Banks 0-0: Ball
1-0: Ball
2-0: SINGLE (Flyball, 9LS)
Millard Stark to second
Runner from 2nd tries for 3rd, SAFE, no throw
Batting: RHB Von Ford 0-0: Called Strike
0-1: Grounds into double play, 1-4-3 (Groundball, 15)
Batting: LHB António Salazar 0-0: Ball
1-0: Called Strike
1-1: Ball
2-1: Ball
3-1: Base on Balls
Batting: RHB Albert Lutz 0-0: Foul Ball, location: 2F
0-1: Called Strike
0-2: Foul Ball, location: 2F
0-2: Foul Ball, location: 2F
0-2: Ball
1-2: Foul Ball, location: 2F
1-2: Fly out, F7 (Line Drive, 7D)
Bottom of the 7th over - 0 run(s), 2 hit(s), 0 error(s), 2 left on base; Richmond 7 - Allentown 1
TOP OF THE 8TH
Richmond Flairs batting - Pitching for Allentown Hillbillies : RHP Jorge Ruíz
Batting: LHB Pedro Díaz 0-0: Called Strike
0-1: Swinging Strike
0-2: Ball
1-2: Foul Ball, location: 2F
1-2: Ball
2-2: Strikes out looking
Batting: RHB Rafael Carreón 0-0: Ground out 5-3 (Groundball, 5)
Batting: RHB Freddy Padilla 0-0: Ball
1-0: Ball
2-0: Foul Ball, location: 2F
2-1: Foul Ball, location: 2F
2-2: Strikes out swinging
Top of the 8th over - 0 run(s), 0 hit(s), 0 error(s), 0 left on base; Richmond 7 - Allentown 1
BOTTOM OF THE 8TH
Allentown Hillbillies batting - Pitching for Richmond Flairs : RHP Sandro Gonzáles
Now at 3B: Christian Hudson
Batting: RHB Germano Labrego 0-0: Ball
1-0: Called Strike
1-1: Ball
2-1: Foul Ball, location: 2F
2-2: Ground out 4-3 (Groundball, 4)
Batting: LHB John Hudson 0-0: Ball
1-0: Ball
2-0: Ball
3-0: Called Strike
3-1: Base on Balls
Batting: RHB Carl Brown 0-0: Ball
1-0: Foul Ball, location: 2F
1-1: Swinging Strike
1-2: Grounds into double play, 5-4-3 (Groundball, 5)
Bottom of the 8th over - 0 run(s), 0 hit(s), 0 error(s), 0 left on base; Richmond 7 - Allentown 1
TOP OF THE 9TH
Richmond Flairs batting - Pitching for Allentown Hillbillies : RHP Jorge Ruíz
Batting: LHB R.J. Courtney 0-0: Swinging Strike
0-1: Ball
1-1: Foul Ball, location: 2F
1-2: Foul Ball, location: 2F
1-2: Ball
2-2: Strikes out swinging
Pitching: LHP Dan Rogers
Batting: RHB Miguel Hernández 0-0: Foul Ball, location: 2F
0-1: SINGLE (Line Drive, 6M)
Batting: LHB Luis Villa 0-0: Called Strike
0-1: Ball
1-1: Called Strike
1-2: Foul Ball, location: 2F
1-2: Fly out, F9 (Flyball, 9S)
Batting: LHB Roland Jones 0-0: 2-RUN HOME RUN (Line Drive, 9D), Distance : 384 ft
Batting: RHB Elliott Johnston 0-0: Ground out 4-3 (Groundball, 4)
Top of the 9th over - 2 run(s), 2 hit(s), 0 error(s), 0 left on base; Richmond 9 - Allentown 1
BOTTOM OF THE 9TH
Allentown Hillbillies batting - Pitching for Richmond Flairs : RHP Sandro Gonzáles
Batting: LHB Marcos Vargas 0-0: Ball
1-0: Ball
2-0: Foul Ball, location: 2F
2-1: Foul Ball, location: 2F
2-2: DOUBLE (Line Drive, 78M)
Batting: RHB Millard Stark 0-0: Ball
1-0: Called Strike
1-1: Swinging Strike
1-2: Ground out 4-3 (Groundball, 4MD)
Marcos Vargas to third
Batting: RHB Dan Banks 0-0: Ball
1-0: Called Strike
1-1: Called Strike
1-2: Ball
2-2: Fly out, F9 (Flyball, 9S)
Batting: RHB Von Ford 0-0: Called Strike
0-1: Ball
1-1: Ball
2-1: Ball
3-1: Foul Ball, location: 2F
3-2: Foul Ball, location: 2F
3-2: Strikes out looking
Bottom of the 9th over - 0 run(s), 1 hit(s), 0 error(s), 1 left on base; Richmond 9 - Allentown 1
Tuesday, August 8th, 2017 - OOTP Baseball 17.12 Build 75